 Dungeon Crawl Stone Soup version 0.29.1-4-g47bece8355 (webtiles) character file.

Game seed: 13653888332152533903

117 boopmooplesden the Trooper (level 4, 0/41 HPs)
             Began as a Minotaur Berserker on Dec 10, 2022.
             Was a Believer of Trog.
             Killed by nerve-wracking pain
             ... invoked by a shadow imp
             ... summoned by Natasha
              (7 damage)
             ... on level 2 of the Dungeon.
             The game lasted 00:02:45 (2203 turns).

boopmooplesden the Trooper (Minotaur Berserker)     Turns: 2203, Time: 00:02:46

Health: 0/41       AC:  6    Str: 23    XL:     4   Next: 71%
Magic:  3/3        EV: 10    Int:  4    God:    Trog [**....]
Gold:   52         SH:  0    Dex: 10    Spells: 3/3 levels left

rFire   . . .      SeeInvis .   h - +0 club
rCold   . . .      Faith    .   (no shield)
rNeg    . . .      Spirit   .   m - +0 scale mail
rPois   .          Reflect  .   (helmet restricted)
rElec   .          Harm     .   (no cloak)
rCorr   .          Rampage  .   (no gloves)
Will    .....                   (no boots)
Stlth   ..........              (no amulet)
HPRegen 0.13/turn               (no ring)
MPRegen 0.08/turn               (no ring)

@: on berserk cooldown, slowed, very slow
A: horns 2, retaliatory headbutt
a: Renounce Religion, Berserk, Trog's Hand


You were on level 2 of the Dungeon.
You worshipped Trog.
Trog was pleased with you.
You visited 1 branch of the dungeon, and saw 2 of its levels.

You collected 52 gold pieces.

Inventory:

Hand Weapons
 h - a +0 club (weapon)
Armour
 a - a +0 animal skin
 m - a +0 scale mail (worn)
Scrolls
 b - a scroll of magic mapping {unknown}
 d - 2 scrolls of identify {unknown}
 k - a scroll of summoning {unknown}
 l - a scroll of enchant weapon {unknown}
Potions
 c - 2 potions of heal wounds {unknown}
 e - 2 potions of brilliance {unknown}
 f - 4 potions of flight {unknown}
 g - a potion of resistance {unknown}
 i - a potion of attraction {unknown}
 j - 2 potions of curing {unknown}


   Skills:
 + Level 4.7 Fighting
 + Level 2.5 Maces & Flails
 + Level 2.7 Armour
 + Level 3.2 Dodging
 + Level 3.8 Unarmed Combat


You had 3 spell levels left.
You didn't know any spells.
Your spell library was empty.

Dungeon Overview and Level Annotations

Branches:
Dungeon (2/15)

Altars:

Shops:
D:1 !**!(

Annotations:
D:2 Natasha


Innate Abilities, Weirdness & Mutations

You have a pair of horns on your head.
You reflexively headbutt those who attack you in melee.


Message History

a +0 spear; a gnoll corpse You feel a strong urge to attack something.
You are no longer berserk.
You are exhausted.
You feel yourself slow down.
(D) Dungeon
Where to? (Enter - D:1, ? - help)
What level of the Dungeon? (default 1, ? - help) Natasha, Servant of Life and Death comes into view.
Natasha stares at you and mumbles some strange words.
You feel as though you will be slow longer.
Natasha claws you!
You miss Natasha. You headbutt Natasha.
Natasha is lightly wounded.
Natasha casts a spell at you.
You feel as though you will be slow longer.
You barely miss Natasha.
Natasha is lightly wounded.
Natasha claws you.
Natasha mumbles some strange words.
You hit Natasha. You headbutt Natasha.
Natasha is heavily wounded.
Natasha claws you.
* * * LOW HITPOINT WARNING * * *
Natasha claws you but does no damage.
You hit Natasha. Your headbutt misses Natasha. Your punch misses Natasha.
Natasha is heavily wounded.
The shadow imp hits you.
* * * LOW HITPOINT WARNING * * *
Natasha barely misses you. The shadow imp barely misses you.
Natasha wildly gestures.
Natasha shimmers violently.
Natasha claws you but does no damage.
You barely miss Natasha. You headbutt Natasha, but do no damage.
Natasha is heavily wounded.
The shadow imp hits you.
* * * LOW HITPOINT WARNING * * *
Natasha mumbles some strange words.
The shadow imp gestures at you. Pain shoots through your body!
You die...

#......###.#.#
#.#.......####
#.#.#......#.# #.#.#####.#
#.#.#.######.####.#.#####.#
#.#.#)# #.....<......#.#
#.....# ##.#####)......#
##.###.##
####.#####.......# #.##
##.# #.......##.......# #.#
#.# #..5h...###....### #.##
##.# #..5@...# #.####
##.###.## #....(..# #.##.##
##...## #.......# #.#.#.##
##.######.......# #..###.##
#.#......).....# #....##.#
#.#.#####)###### ##.#.#.##
#.#.#####.# ##...##
#....).##.# ##.##
###.......# #.#


You could see Natasha, a crimson imp (summoned) and a shadow imp (summoned).

Vanquished Creatures
  Natasha (D:2)
  2 adders (D:2)
  3 gnolls (D:2)
  A dart slug (D:1)
  4 ball pythons
  A bat (D:2)
  4 endoplasms
  3 giant cockroaches
  A hobgoblin (D:2)
  4 jackals (D:2)
  2 quokkas (D:1)
  3 frilled lizards
  6 goblins
  4 kobolds
  4 rats
43 creatures vanquished.

Notes
Turn   | Place    | Note
-------+----------+-------------------------------------------
     0 | D:1      | boopmooplesden the Minotaur Berserker began the quest for
                  | the Orb.
     0 | D:1      | Reached XP level 1. HP: 19/19 MP: 0/0
   124 | D:1      | Found Fuduox's Weapon Shop.
   260 | D:1      | Found Kinkap's Distillery.
   261 | D:1      | Found Quel's Assorted Antiques.
   482 | D:1      | Reached XP level 2. HP: 19/27 MP: 1/1
   585 | D:1      | Reached skill level 4 in Fighting
   761 | D:1      | Found a faded altar of an unknown god.
   779 | D:1      | Found Mawil's Assorted Antiques.
   836 | D:1      | Found Bufauz's Distillery.
   940 | D:1      | You fall into a shaft and drop 1 floor!
  1194 | D:2      | Reached XP level 3. HP: 24/34 MP: 2/2
  1746 | D:2      | Reached skill level 1 in Maces & Flails
  1783 | D:2      | Reached ** piety under Trog
  1964 | D:2      | Noticed Natasha
  1970 | D:2      | Killed Natasha
  1971 | D:2      | Reached XP level 4. HP: 27/41 MP: 3/3
  2196 | D:2      | Noticed Natasha
  2203 | D:2      | Killed from afar by a shadow imp

Illustrated notes

Levels and vault maps discovered:
D:1:      reono_arrival_forest_river, layout_loops_ring, serial_shops, shop,
          nicolae_shop_statue_plus, shop_fountains, shop_statue,
          nicolae_shop_statue_plus, dreamdust_ecumenical_altar_angels_and_demons
D:2:      layout_loops_cross, uniq_natasha

Skill      XL: |  1  2  3  4 |
---------------+-------------+-----
Fighting       | 4 |  4.7
Maces & Flails | 1 2 |  2.5
Dodging        | 3 |  3.2
Armour         | |  2.7
Unarmed Combat | |  3.8

Action                   |  1- 3 |  4- 6 || total
-------------------------+-------+-------++-------
Melee: Unarmed           |    12 |       ||    12
       Club              |    89 |    22 ||   111
       Headbutt          |    12 |     6 ||    18
       Punch             |     3 |     1 ||     4
Invok: Berserk           |     1 |     1 ||     2
Armor: Animal skin       |    22 |       ||    22
       Scale mail        |       |     6 ||     6
Dodge: Dodged            |    85 |     7 ||    92
